 Dungeon Crawl Stone Soup version 0.29-a0-322-g68df515428 (webtiles) character file.

Game seed: 18362352988788155495

4732 GordonOverkill the Archer (level 10, -9/60 HPs)
             Began as a Deep Elf Hunter on Apr 6, 2022.
             Was a Believer of Nemelex Xobeh.
             Mangled by a two-headed ogre
             ... wielding a +0 giant spiked club
              (20 damage)
             ... on level 9 of the Dungeon.
             The game lasted 00:21:24 (12431 turns).

GordonOverkill the Archer (Deep Elf Hunter)        Turns: 12431, Time: 00:21:25

Health: -9/60      AC: 12    Str: 12    XL:     10   Next: 22%
Magic:  15/15      EV: 10    Int: 15    God:    Nemelex Xobeh [**....]
Gold:   490        SH:  0    Dex: 18    Spells: 9/9 levels left

rFire   . . .      SeeInvis .   H - +2 dagger (venom)
rCold   . . .      Faith    .   (no shield)
rNeg    . . .      Spirit   .   D - +0 scale mail
rPois   .          Reflect  .   j - +1 helmet
rElec   .          Harm     .   w - +1 cloak
rCorr   +          Rampage  .   (no gloves)
Will    +....                   h - +0 pair of boots
Stlth   +.........              (no amulet)
HPRegen 0.20/turn               s - ring of resist corrosion
MPRegen 0.14/turn               (no ring)

@: no status effects
A: no striking features
a: Renounce Religion, Draw Escape, Draw Destruction, Draw Summoning


You were on level 9 of the Dungeon.
You worshipped Nemelex Xobeh.
Nemelex Xobeh was pleased with you.
You visited 2 branches of the dungeon, and saw 10 of its levels.

You collected 490 gold pieces.

Inventory:

Hand Weapons
 a - a +1 shortbow
 b - a +7 short sword
 q - a +1 dagger of speed
 H - a +2 dagger of venom (weapon)
Armour
 h - a +0 pair of boots (worn)
 j - a +1 helmet (worn)
 w - a +1 cloak (worn)
 D - a +0 scale mail (worn)
Jewellery
 e - a ring of positive energy
 s - a ring of resist corrosion (left hand)
Wands
 l - a wand of iceblast (10)
 B - a wand of flame (20)
 C - a wand of polymorph (17)
Scrolls
 c - 4 scrolls of immolation
 d - 4 scrolls of holy word
 g - 2 scrolls of enchant weapon
 i - 2 scrolls of blinking
 E - 2 scrolls of summoning
Potions
 f - 2 potions of magic
 k - 4 potions of flight
 m - 3 potions of curing
 n - a potion of degeneration {unknown}
 p - a potion of brilliance
 r - a potion of mutation {unknown}
 t - a potion of might {unknown}
 u - a potion of heal wounds
 v - a potion of haste {unknown}
 x - 2 potions of attraction {unknown}
 z - a potion of resistance {unknown}
 A - a potion of ambrosia


   Skills:
 + Level 6.2 Fighting
 + Level 4.6 Short Blades
 * Level 14.1 Bows
 - Level 3.0 Armour
 - Level 2.4 Dodging
 - Level 1.2 Stealth
 - Level 5.0 Invocations
 - Level 3.0 Evocations


You had 9 spell levels left.
You didn't know any spells.
Your spell library contained the following spells:

 Spells                   Type           Power      Damage    Failure   Level
 Sting                    Tmut/Pois      0%         1d3       80%         1
 Summon Small Mammal      Summ           0%         N/A       80%         1
 Ensorcelled Hibernation  Hex/Ice        0%         N/A       90%         2
 Poisonous Vapours        Pois/Air       0%         N/A       90%         2
 Static Discharge         Conj/Air       0%         N/A       90%         2
 Call Canine Familiar     Summ           0%         N/A       99%         3
 Gell's Gravitas          Tloc           0%         N/A       99%         3
 Lesser Beckoning         Tloc           0%         N/A       99%         3
 Spider Form              Tmut/Pois      0%         N/A       99%         3
 Stone Arrow              Conj/Erth      0%         3d7       99%         3
 Summon Guardian Golem    Hex/Summ       0%         N/A       99%         3
 Teleport Other           Tloc           0%         N/A       99%         3
 Anguish                  Hex/Necr       0%         N/A       100%        4
 Animate Armour           Summ/Erth      0%         N/A       100%        4
 Olgreb's Toxic Radiance  Pois           0%         N/A       100%        4
 Lightning Bolt           Conj/Air       0%         1d11      100%        5
 Lehudib's Crystal Spear  Conj/Erth      0%         10d2      100%        8
 Maxwell's Capacitive Co  Air            0%         ∞         100%        8


Dungeon Overview and Level Annotations

Branches:
Dungeon (9/15)             Temple (1/1) D:5
   Lair: D:8-11         Orc: D:9-12

Altars:
Ashenzari
Cheibriados
Dithmenos
Elyvilon
Fedhas
Gozag
Hepliaklqana
Kikubaaqudgha
Makhleb
Nemelex Xobeh
Okawaru
Qazlal
Ru
Sif Muna
Trog
Uskayaw
Vehumet
Wu Jian
Xom
Yredelemnul
Zin
The Shining One


Message History

The killer bee closely misses you.
The killer bee stings you but does no damage.
You closely miss the killer bee.
The killer bee is severely wounded.
You kill the killer bee!
No target in view!
No target in view!
A two-headed ogre comes into view.
It is wielding two +0 giant spiked clubs.
The two-headed ogre shouts in stereo!
You hear an angry buzzing noise.
Aiming: Iceblast
Press: ? - help, Shift-Dir - straight line, f - two-headed ogre
Aim: a two-headed ogre, wielding two +0 giant spiked clubs The mass of ice explodes!
The iceblast engulfs the two-headed ogre!
The two-headed ogre is moderately wounded.
You hear an angry buzzing noise.
You barely miss the two-headed ogre.
The two-headed ogre is moderately wounded.
The two-headed ogre barely misses you.
The two-headed ogre hits you with a +0 giant spiked club.
You hit the two-headed ogre.
The two-headed ogre is moderately wounded.
You hit the two-headed ogre.
The two-headed ogre is moderately wounded.
The two-headed ogre hits you with a +0 giant spiked club!!
* * * LOW HITPOINT WARNING * * *
The two-headed ogre completely misses you.
Aiming: Iceblast
Press: ? - help, Shift-Dir - straight line, f/p - two-headed ogre
Aim: a two-headed ogre, wielding two +0 giant spiked clubs (moderately wounded)
The mass of ice explodes!
The iceblast engulfs the two-headed ogre!
The two-headed ogre is severely wounded.
You hit the two-headed ogre.
The two-headed ogre is poisoned.
The two-headed ogre is severely wounded.
The two-headed ogre hits you with a +0 giant spiked club!!
* * * LOW HITPOINT WARNING * * *
The two-headed ogre hits you with a +0 giant spiked club!!
You die...
Your body disappears without a glow.

### ##.##
##.#.##
##.#O#.##
##.#.#@#.##
##.#.###.#.##
##.#.##
##(#.##
##.#.##
##.#.##
##.#.##
##.#.##
##.#.##
##.#.##
#.#.## ##.#.#
##.#...#.#
##.#.##
##.#O#.##
##.#.##


You could see a two-headed ogre (very poisoned).

Vanquished Creatures
  A two-headed ogre (D:9)
  Psyche (D:8)
  A wyvern (D:9)
  Eustachio (D:5)
  A steam dragon (D:7)
  A water moccasin (D:7)
  3 black bears
  2 sky beasts
  An ice beast (D:8)
  3 ogres
  4 centaurs
  A phantom (D:5)
  2 kobold brigands
  A bullfrog (D:4)
  2 necrophages
  7 scorpions
  9 wights
  A killer bee (D:9)
  3 howler monkeys
  6 hounds
  An orc priest (D:4)
  2 gnoll shamans
  3 jellies
  2 iguanas (D:6)
  Natasha (thrice) (D:3)
  4 orc wizards
  8 gnolls
  6 adders
  A worm (D:2)
  2 dart slugs
  10 orcs
  6 endoplasms
  6 giant cockroaches
  9 hobgoblins
  9 jackals
  2 quokkas
  12 ball pythons
  4 bats
  4 frilled lizards
  15 goblins
  11 kobolds
  7 rats
178 creatures vanquished.

Vanquished Creatures (others)
  14 fungi (D:9)
  17 plants (D:9)
31 creatures vanquished.

Grand Total: 209 creatures vanquished

Notes
Turn   | Place    | Note
-------+----------+-------------------------------------------
     0 | D:1      | GordonOverkill the Deep Elf Hunter began the quest for the
                  | Orb.
     0 | D:1      | Reached XP level 1. HP: 12/12 MP: 3/3
   541 | D:1      | Reached XP level 2. HP: 17/17 MP: 4/4
  1307 | D:1      | Reached XP level 3. HP: 19/21 MP: 5/5
  1378 | D:1      | Reached skill level 1 in Short Blades
  1681 | D:2      | Reached skill level 6 in Bows
  2007 | D:2      | Reached skill level 1 in Armour
  2209 | D:2      | Reached XP level 4. HP: 8/26 MP: 6/6
  2568 | D:3      | Noticed Natasha
  2580 | D:3      | Killed Natasha
  2592 | D:3      | Noticed Natasha
  2800 | D:3      | Killed Natasha
  2978 | D:3      | Noticed Natasha
  2982 | D:3      | Killed Natasha
  2983 | D:3      | Reached XP level 5. HP: 31/31 MP: 7/7
  3303 | D:4      | Reached skill level 7 in Bows
  3558 | D:4      | Reached XP level 6. HP: 23/36 MP: 8/8
  4406 | D:5      | Entered Level 5 of the Dungeon
  4406 | D:5      | Noticed a sky beast
  4426 | D:4      | Killed a sky beast
  4624 | D:4      | Reached skill level 8 in Bows
  4728 | D:4      | Reached XP level 7. HP: 38/41 MP: 9/9
  6044 | D:5      | Noticed Eustachio
  6162 | D:5      | Killed Eustachio
  6163 | D:5      | Reached skill level 9 in Bows
  6424 | D:5      | Reached XP level 8. HP: 45/48 MP: 10/10
  6470 | D:5      | Reached skill level 1 in Evocations
  6509 | D:5      | Reached skill level 10 in Bows
  6673 | D:5      | Found a staircase to the Ecumenical Temple.
  6729 | Temple   | Entered the Ecumenical Temple
  6815 | Temple   | Became a worshipper of Nemelex Xobeh the Trickster
  7208 | D:5      | Reached skill level 1 in Invocations
  7969 | D:6      | Reached skill level 11 in Bows
  8312 | D:6      | Reached * piety under Nemelex Xobeh
  8352 | D:6      | Reached XP level 9. HP: 43/52 MP: 13/13
  8795 | D:7      | Received a gift from Nemelex Xobeh
  9063 | D:7      | Reached skill level 5 in Fighting
  9301 | D:7      | Reached skill level 12 in Bows
  9744 | D:7      | Reached ** piety under Nemelex Xobeh
  9757 | D:7      | Found a shimmering altar of Xom.
 10008 | D:8      | Found Caenyuph's Book Boutique.
 10342 | D:8      | Noticed Psyche
 10360 | D:8      | Killed Psyche
 10646 | D:8      | Received a gift from Nemelex Xobeh
 10906 | D:7      | Reached skill level 13 in Bows
 11127 | D:8      | Reached skill level 5 in Invocations
 11228 | D:8      | Noticed a two-headed ogre
 11743 | D:8      | Reached XP level 10. HP: 42/58 MP: 15/15
 11911 | D:9      | Noticed a two-headed ogre
 11927 | D:9      | Killed a two-headed ogre
 12312 | D:9      | Reached skill level 14 in Bows
 12417 | D:9      | Noticed a two-headed ogre
 12431 | D:9      | Mangled by a two-headed ogre

Illustrated notes

Levels and vault maps discovered:
D:1:      psy_arrival_statuary, layout_loops_corners,
          chequers_serial_rivers_micro_c
D:2:      layout_rooms, chequers_serial_rivers_room_a, hex_tiny,
          grunt_ministairs_13
D:3:      layout_rooms, uniq_natasha
D:4:      layout_loops_ring, serial_glass, glass_columns_a, glass_columns_b,
          glass_columns_c, glass_columns_a
D:5:      layout_basic, temple_hall_moat, uniq_eustachio
D:6:      layout_loops_cross, dreamdust_wishing_well, kennysheep_generic_room_4
D:7:      layout_basic, kennysheep_mini
D:8:      layout_basic, serial_shops, shop, uniq_psyche
D:9:      minmay_inner_zag, layout_loops_ring, grunt_lair_entry_orc_guard_hut,
          hellmonk_ghost_big_iron
Temple:   compressed_dpeg_circular_temple

Skill      XL: |  1  2  3  4  5  6  7  8  9 10 |
---------------+-------------------------------+-----
Short Blades   | 1 2 3 4 |  4.6
Fighting       | 2 3 4 5 6 |  6.2
Bows           | 6 7 8 9 11 13 14 | 14.1
Armour         | 1 2 3 |  3.0
Evocations     | 3 |  3.0
Invocations    | 2 5 |  5.0
Dodging        | |  2.4
Stealth        | |  1.2

Action                   |  1- 3 |  4- 6 |  7- 9 | 10-12 || total
-------------------------+-------+-------+-------+-------++-------
Melee: Dagger            |    32 |    99 |   335 |     8 ||   474
       Punch             |       |     2 |     3 |       ||     5
       Short sword       |       |       |    12 |    33 ||    45
 Fire: Shortbow          |    87 |    49 |   175 |     9 ||   320
Evoke: Wand              |       |       |       |     2 ||     2
  Use: Scroll            |     5 |     3 |     5 |     3 ||    16
       Potion            |       |       |     5 |     1 ||     6
 Stab: Invisible         |       |       |       |     2 ||     2
Armor: Ring mail         |    18 |    50 |   130 |       ||   198
       Scale mail        |       |       |    51 |    13 ||    64
Dodge: Dodged            |    35 |    51 |   229 |    21 ||   336

Table legend: (Time is in decaauts)
 A = Elapsed time spent in this place.
 B = Non-inter-level travel time spent in this place.
 C = Inter-level travel time spent in this place.
 D = Time resting spent in this place.
 E = Time spent auto-exploring this place.
 F = Levels seen in this place.
 G = Mean time per level.
                   A        B        C        D        E       F      G
               +--------+--------+--------+--------+--------+-----+--------+
         Total |  12398 |  11830 |    568 |   4940 |   4948 |  10 | 1239.8 |
       Dungeon |  12301 |  11743 |    558 |   4940 |   4893 |   9 | 1366.8 |
        Temple |     96 |     87 |      9 |      0 |     55 |   1 |   96.0 |
               +--------+--------+--------+--------+--------+-----+--------+

Top non-repeatable levels by time:
     D:4: 2673 daAuts
     D:7: 1588 daAuts
     D:1: 1455 daAuts
     D:8: 1446 daAuts
     D:5: 1417 daAuts
     D:2: 1278 daAuts
     D:6: 1223 daAuts
     D:3: 679 daAuts
     D:9: 538 daAuts
  Temple: 96 daAuts
